Cogmind - Beta 15 @@@ ROGUE MODE // 2025.08.13 @ 23:39:34 Player: GayPredator Result: Destroyed by G-50 Soldier with Heavy Laser Performance ------------- Evolutions (5) 2500 Regions Visited (16) 3200 Robots Destroyed (264) 1320 Value Destroyed (9537) 9537 Prototype IDs (31) 620 Alien Tech Used (0) 0 Bonus (4781) 4781 TOTAL SCORE: 21958 Bonus ------- High Alert Combat Kills 1944 Follower Combat Kills 793 Entered Garrisons 800 Used RIF Installer 1000 Aligned with FarCom 300 Friendly Fire -56 Cogmind --------- Core Integrity 0/1000 Matter 137/300 Energy 99/100 System Corruption 29% Temperature Cool (27) Movement Core (50) Location -5/Factory Parts ------- > --- POWER (1) -------- (None) > --- PROPULSION (5) --- (None) > --- UTILITY (7) ------ (None) > --- WEAPON (4) ------- (None) > --- INVENTORY (5) ---- Core Analyzer Flak Gun Remote Datajack Heavy Flail Heavy Pick Peak State ------------ > --- POWER ------------ Reinforced Fission Core > --- PROPULSION ------- Flexi-carbon Leg Enhanced Armored Leg Enhanced Armored Leg Enhanced Armored Leg Enhanced Armored Leg > --- UTILITY ---------- Power Amplifier Improved Heat Sink High-capacity Storage Unit Advanced Terrain Scanner Kinecellerator Layered Light Armor Plating Layered Light Armor Plating > --- WEAPON ----------- Railgun Railgun Remote Datajack Heavy Flail > --- INVENTORY -------- Neutrino Core Carbon-fiber Leg Flexi-carbon Leg High-capacity Storage Unit Compact Battery Small Matter Pod Hacking Suite Relay Coupler [NC] Relay Coupler [NC] Relay Coupler [Behemoth] Flak Gun Flak Gun Remote Datajack [Rating: 90] Favorites ----------- Power Enhanced Nuclear Core Engine Cooled Ion Engine Power Core Enhanced Nuclear Core Propulsion Armored Treads Treads Armored Treads Leg Enhanced Armored Leg Wheel Wheel Utility High-capacity Storage Unit Device Improved Heat Sink Storage High-capacity Storage Unit Processor Targeting Computer Hackware Improved System Shield Protection Layered Medium Armor Plating Weapon Flak Cannon Energy Gun Particle Gun Energy Cannon Cooled Plasma Cannon Ballistic Gun High-powered Shotgun Ballistic Cannon Flak Cannon Launcher Heavy Rocket Launcher Special Weapon Remote Datajack Impact Weapon Heavy Flail Slashing Weapon Katana Build | -11 -10 -9 -9 -9 -8 -8 -7 -7 -7 -6 -6 -6 -6 -5 -5 -5 ------- Run | Yrd Mat Mat Min Exi Min Mat Fac Gar Fac Fac Gar Fac Gar Fac Gar Fac Slots Evolved 10 | . . 2 . . . 2 2 . . 2 . . . 2 . . Power . | . . . . . . . . . . . . . . . . . Propulsion 3 | . . 1 . . . 1 . . . . . . . 1 . . Utility 5 | . . 1 . . . 1 . . . 2 . . . 1 . . Weapon 2 | . . . . . . . 2 . . . . . . . . . Parts Attached 163 | 7 7 20 . 2 2 6 5 6 6 6 3 12 4 11 12 54 Power 10 | 1 1 2 . . . . 1 . . . . 1 . 1 1 2 Engine 6 | 1 1 2 . . . . . . . . . 1 . . . 1 Core 4 | . . . . . . . 1 . . . . . . 1 1 1 Reactor . | . . . . . . . . . . . . . . . . . Propulsion 49 | 2 . 9 . . . 2 2 . 3 . . 5 2 1 2 21 Treads 30 | 2 . 8 . . . 2 2 . 3 . . 5 2 1 2 3 Leg 16 | . . . . . . . . . . . . . . . . 16 Wheel 3 | . . 1 . . . . . . . . . . . . . 2 Hover . | . . . . . . . . . . . . . . . . . Flight . | . . . . . . . . . . . . . . . . . Utility 59 | 2 3 3 . 2 2 2 . 2 1 4 3 4 1 4 7 19 Device 20 | 1 2 1 . 1 . 2 . 1 1 1 1 2 . . 2 5 Storage 4 | 1 1 . . 1 . . . . . . . . . . . 1 Processor 6 | . . 1 . . . . . . . 2 . . . 1 . 2 Hackware 9 | . . . . . . . . . . . . . . 2 5 2 Protection 20 | . . 1 . . 2 . . 1 . 1 2 2 1 1 . 9 Artifact . | . . . . . . . . . . . . . . . . . Weapon 45 | 2 3 6 . . . 2 2 4 2 2 . 2 1 5 2 12 Energy Gun 9 | 2 . 3 . . . . . 2 . . . . . . . 2 Energy Cannon 1 | . . . . . . . . . . 1 . . . . . . Ballistic Gun 12 | . . 2 . . . . . . . . . 1 . . 2 7 Ballistic Cannon 12 | . 1 . . . . 2 2 . 1 1 . 1 . 3 . 1 Launcher 5 | . 1 1 . . . . . 2 . . . . 1 . . . Special Weapon 3 | . 1 . . . . . . . . . . . . 2 . . Impact Weapon 1 | . . . . . . . . . 1 . . . . . . . Slashing Weapon 2 | . . . . . . . . . . . . . . . . 2 Piercing Weapon . | . . . . . . . . . . . . . . . . . Special Melee Weapon . | . . . . . . . . . . . . . . . . . Unidentified Prototypes 6 | . . 2 . . . . 1 . . 1 . 1 . . . 1 Parts Lost 55 | . 1 3 . . 1 . . 2 . . 1 3 3 . . 41 Power 4 | . . 1 . . . . . . . . . 1 . . . 2 Propulsion 15 | . . . . . . . . . . . . . 1 . . 14 Utility 22 | . 1 . . . 1 . . 1 . . . 1 1 . . 17 Weapon 14 | . . 2 . . . . . 1 . . 1 1 1 . . 8 Highest Loss Streak 8 | . 1 2 . . 1 . . 1 . . 1 2 3 . . 8 To Critical Strikes . | . . . . . . . . . . . . . . . . . Average Backups 16 | 2 7 11 15 15 14 15 18 18 19 18 19 17 13 17 18 15 Power . | . . . 1 1 1 1 1 1 1 1 1 . . . 1 1 Propulsion 2 | . 1 1 3 3 3 2 4 5 3 3 3 2 1 . . 1 Utility 9 | . 2 5 6 6 6 7 10 10 12 11 12 11 10 12 11 8 Weapon 3 | 1 3 3 5 4 4 4 2 2 2 2 2 3 2 2 3 2 Tool/Special . | . . . . . . . . . . . . . . . . . Unused Backups 33 | . 1 3 . . . 2 . 2 1 1 3 2 1 2 1 14 Power 2 | . . 1 . . . . . . . . . . . . 1 . Propulsion 1 | . . . . . . . . . . . . 1 . . . . Utility 23 | . . 2 . . . . . 2 1 1 3 1 1 2 . 10 Weapon 6 | . 1 . . . . 2 . . . . . . . . . 3 Tool/Special 1 | . . . . . . . . . . . . . . . . 1 Average Slot Usage (%) 96 | . 99 99 100 98 100 99 99 99 99 99 99 99 96 88 93 87 Engine 3 | . 14 10 11 11 11 9 . . . . . 2 6 1 . 1 Core 3 | . . . . . . . 6 7 7 6 6 3 . 3 5 3 Treads 26 | . 27 30 33 33 33 36 30 30 29 26 26 25 25 23 29 9 Leg 2 | . . . . . . . . . . . . . . . . 16 Device 10 | . 13 14 . . 10 9 7 7 7 10 13 15 10 11 11 10 Storage 7 | . 14 11 11 11 11 9 7 7 7 6 6 6 6 5 5 6 Processor 5 | . . 2 11 11 11 9 7 7 7 12 6 6 2 . . 2 Hackware 1 | . . . . . . . . . . . . . . 5 9 2 Protection 7 | . . 4 11 9 . 8 6 6 7 8 12 9 16 11 5 10 Energy Gun 5 | . 10 14 . . . . . 10 15 12 13 6 . . . 1 Ballistic Gun 5 | . . 4 22 22 22 14 . . . . . 2 4 3 . 10 Ballistic Cannon 9 | . 12 1 . . . 3 29 18 13 8 11 17 12 5 1 . Launcher 1 | . 4 . . . . . . . . 2 1 . 3 3 3 . Peak Build Rating 90 | 7 8 26 24 31 30 36 47 48 41 51 57 67 68 85 86 90 Average Rating 48 | 5 7 17 23 24 25 30 41 39 39 46 55 61 65 79 82 72 On Entrance 39 | . 7 8 24 24 23 26 32 42 39 40 47 56 66 66 81 86 Naked Turns 74 | . . . . . . . . . . . . . . . . 74 Heaviest Build 123 | 13 30 42 41 54 61 69 81 81 71 74 85 93 96 100 119 123 Greatest Support 150 | 40 40 60 60 60 60 80 90 90 96 96 96 120 120 150 150 136 Greatest Overweight (x) 5 | 1 1 3 . . 1 . 1 . . . . 1 1 1 . 5 Average Overweight (x) . | . . . . . . . . . . . . . . . . . Largest Inventory Capacity 20 | 8 15 15 15 20 20 20 20 20 20 20 20 20 20 20 20 20 Average Capacity 18 | 7 12 15 15 15 20 20 20 20 20 20 20 20 20 20 20 19 Most Carried 20 | 4 9 15 15 16 15 19 20 20 20 20 20 20 15 20 20 20 Average Carried 16 | 2 8 11 15 15 14 15 18 18 19 18 19 17 13 18 19 15 Final Capacity 20 | 8 15 15 15 20 20 20 20 20 20 20 20 20 20 20 20 5 Final Carried 20 | 4 9 15 15 16 14 19 20 18 20 20 19 15 15 20 19 5 Class Distribution -------------------- 29% | Skirmisher 21% | Mutant 9% | Scavenger-Skirmisher 8% | Bothacker-Tank 6% | Bothacker-Assassin 5% | Scavenger-Mutant 4% | Tank 4% | Scavenger-Tank 3% | Bothacker-Skirmisher Dominant Class ---------------- Mutant | -10/Materials Mutant | -9/Materials Mutant | -9/Mines Mutant | -9/Exiles Skirmisher | -8/Mines Mutant | -8/Materials Skirmisher | -7/Factory Scavenger-Skirmisher | -7/Garrison Skirmisher | -7/Factory Scavenger-Tank | -6/Factory Tank | -6/Garrison Skirmisher | -6/Factory Gunner | -6/Garrison Bothacker-Assassin | -5/Factory Bothacker-Tank | -5/Garrison Scavenger-Mutant | -5/Factory Resources | -11 -10 -9 -9 -9 -8 -8 -7 -7 -7 -6 -6 -6 -6 -5 -5 -5 ----------- Run | Yrd Mat Mat Min Exi Min Mat Fac Gar Fac Fac Gar Fac Gar Fac Gar Fac Matter Collected 8296 | 270 323 385 41 . 139 522 464 1082 219 188 229 1146 226 413 636 2013 Remotely 359 | . . . . . . 86 . 273 . . . . . . . . Salvage Created 8152 | 166 506 630 22 . 108 775 422 724 69 313 229 764 261 287 360 2516 Parts 420 | 7 33 34 3 . 5 38 15 40 . 11 14 27 24 19 20 130 Haulers Intercepted 4 | . 1 2 . . . . . . . . . . . . . 1 Recyclers Shooed 16 | . 1 2 . . . . . . . 1 . 6 . 1 . 5 Parts Field Recycled . | . . . . . . . . . . . . . . . . . Retrieved Matter . | . . . . . . . . . . . . . . . . . Parts Self-Destructed . | . . . . . . . . . . . . . . . . . Prevented . | . . . . . . . . . . . . . . . . . Kills | -11 -10 -9 -9 -9 -8 -8 -7 -7 -7 -6 -6 -6 -6 -5 -5 -5 ------- Run | Yrd Mat Mat Min Exi Min Mat Fac Gar Fac Fac Gar Fac Gar Fac Gar Fac Combat Hostiles Destroyed 190 | . 14 11 3 . 3 20 3 36 2 2 11 11 18 6 9 41 Melee 14 | . . . . . . . . 1 . . . . . . . 13 Guns 74 | . 6 7 2 . 3 17 . 5 . . 5 5 . . 1 23 Cannons 57 | . 8 . . . . . 3 21 2 1 3 6 6 3 4 . AOE 43 | . . 4 1 . . 3 . 9 . . 3 . 12 2 4 5 Classes Destroyed 20 | 2 4 4 . . . 2 1 1 . . 1 1 1 . . 3 Worker 16 | . . 1 . . 1 . 2 . . . . 6 . 1 . 5 Builder 15 | . . . . . . 2 . . . . . 2 . . . 11 Tunneler 6 | 3 1 . . . . . . . . . . . . 1 . 1 Hauler 4 | . 1 2 . . . . . . . . . . . . . 1 Recycler 18 | 1 1 3 . . . 1 4 . . 2 . 4 . 1 . 1 Mechanic 1 | . . . . . . . . . . . . 1 . . . . Operator 1 | . 1 . . . . . . . . . . . . . . . Watcher 9 | . . 2 . . . 2 1 . . 1 . 1 . . . 2 Swarmer 69 | . 6 6 3 . . 4 . 11 . . 6 2 11 5 4 11 Cutter 3 | . . . . . . . . 3 . . . . . . . . Saboteur 1 | . . . . . . . . . . . . . . . . 1 Grunt 63 | . 8 2 . . 2 12 . 19 . . . 4 1 . 2 13 Brawler 7 | . . 1 . . 1 1 . 1 . . . . . . . 3 Duelist 4 | . . . . . . 1 . 1 . . . . . . . 2 Sentry 14 | . . 2 . . . 2 2 1 2 1 2 1 . . 1 . Specialist 4 | . . . . . . . . . . . . . . . . 4 Hunter 8 | . . . . . . . . . . . 2 2 . . . 4 Programmer 18 | . . . . . . . 1 . . 1 1 2 5 . 2 6 Heavy 1 | . . . . . . . . . . . . . . . . 1 Behemoth 2 | . . . . . . . . . . . . . 1 1 . . Best Kill Streak 16 | 2 4 5 3 . 3 8 2 7 1 2 3 7 16 5 4 16 Combat Bots Only 16 | . 4 4 3 . 3 6 1 7 1 1 3 2 16 5 4 9 Max Kills in Single Turn 7 | 1 1 2 1 . 1 4 1 3 1 1 2 4 5 2 2 7 Gunslinging . | . . . . . . . . . . . . . . . . . Exploded 5 | . . 2 1 . . 2 . 3 . . 2 . 5 2 2 3 Melee 1 | . . . . . . . . 1 . . . . . . . 1 Uniques/NPCs Destroyed . | . . . . . . . . . . . . . . . . . Combat | -11 -10 -9 -9 -9 -8 -8 -7 -7 -7 -6 -6 -6 -6 -5 -5 -5 -------- Run | Yrd Mat Mat Min Exi Min Mat Fac Gar Fac Fac Gar Fac Gar Fac Gar Fac Hostile Shots Fired 1417 | . 73 50 19 . 13 72 26 115 27 29 60 100 85 38 50 660 Missed 441 | . 15 20 9 . 1 24 9 42 9 7 21 20 23 8 21 212 Hits 976 | . 58 30 10 . 12 48 17 73 18 22 39 80 62 30 29 448 Melee 36 | . . . . . 1 1 . 5 . . . . . . 1 28 Projectile 940 | . 58 30 10 . 11 47 17 68 18 22 39 80 62 30 28 420 AOE 1 | . . . . . . . . 1 . . . . . . . . Critical Strikes 45 | . 1 . . . . . . 1 . . . 2 7 . . 34 Actively Blocked 4 | . . . . . . . . . . . . . 1 . . 3 Part Disruptions 4 | . . . . . . . . . . . . . 1 . . 3 Damage Taken 15801 | . 581 427 82 . 179 710 135 1113 137 187 543 1520 1133 349 445 8260 Core 1525 | . 89 22 . . 33 64 27 87 5 6 55 91 44 12 8 982 Absorbed by Shields 838 | . . . . . . . . . . . . . . . 165 673 Redirected to Shielding 70 | . . . . . . . . . . . . . 18 5 . 47 Regen/Repaired (Parts) 359 | . 84 . . . . 105 . . . . . . . 170 . . Core Remaining (%) 82 | 100 64 . . . 86 88 . . 83 . . . 76 . . . Volleys Fired 568 | 9 51 41 6 . 6 55 16 58 8 13 26 42 26 34 61 116 Largest 4 | 2 2 2 2 . 2 2 4 4 4 4 4 4 4 3 3 4 Hottest 214 | 100 100 112 50 . 50 100 148 204 204 204 204 204 157 193 144 214 Shots Fired 1227 | 18 96 76 11 . 12 107 41 144 23 35 67 136 44 39 73 305 Gun 726 | 18 49 68 10 . 12 100 . 35 10 24 46 49 6 . 10 289 Cannon 389 | . 43 4 . . . . 38 99 10 10 18 87 26 30 21 3 Launcher 54 | . . 4 1 . . 6 . 10 3 1 3 . 12 1 7 6 Special 58 | . 4 . . . . 1 3 . . . . . . 8 35 7 Kinetic 738 | . 43 6 10 . 12 100 38 99 10 10 18 94 18 5 10 265 Thermal 361 | 18 53 66 . . . 1 3 35 10 24 46 42 14 25 21 3 Explosive 54 | . . 4 1 . . 6 . 10 3 1 3 . 12 1 7 6 Electromagnetic 24 | . . . . . . . . . . . . . . . . 24 Robot Hit Streak 19 | 6 12 10 5 . 7 18 8 16 12 19 7 15 9 8 12 14 Robot Miss Streak 14 | 2 5 5 4 . 2 5 5 14 2 4 6 6 3 4 4 8 Penetration Max 2 | . . . . . . . . . . . . . . . 1 2 Secondary Targets 10 | . . . . . 1 3 . . . . . . . . . 6 Max Gunslinging Chain 1 | . . . . . 1 1 . . . . . . . . . 1 Shots Hit Robots 880 | 11 58 46 7 . 11 80 28 111 18 28 43 105 24 19 47 244 Core Hits 678 | 5 24 25 3 . 8 55 41 134 12 22 36 92 38 9 11 163 Critical Kills 1 | . . . . . . . . . . . . . . 1 . . Critical Parts Destroyed 5 | . . . . . 1 2 . . . . . . . . . 2 Critical Strikes 28 | 1 7 4 . . 1 2 . . 2 4 . . . 1 . 6 Burn 16 | 1 5 4 . . . . . . 2 4 . . . . . . Meltdown 1 | . . . . . . . . . . . . . . 1 . . Destroy 5 | . . . . . 1 2 . . . . . . . . . 2 Blast 2 | . 2 . . . . . . . . . . . . . . . Sever 4 | . . . . . . . . . . . . . . . . 4 Melee Attacks 81 | . . . . . . . . . 1 2 5 1 . 3 10 59 Impact 37 | . . . . . . . . . 1 2 5 1 . 3 10 15 Slashing 44 | . . . . . . . . . . . . . . . . 44 Piercing . | . . . . . . . . . . . . . . . . . Sneak Attacks 4 | . . . . . . . . . . . . . . . . 4 Combat Hostiles . | . . . . . . . . . . . . . . . . . Follow-up Attacks . | . . . . . . . . . . . . . . . . . Damage Inflicted 27169 | 136 831 1038 192 . 221 2075 633 3260 364 509 1086 2560 2590 790 1553 9331 Guns 11040 | 136 420 765 125 . 211 1555 . 412 144 283 400 667 78 . 312 5532 Cannons 7179 | . 411 35 . . . . 612 1680 220 226 335 1263 929 565 841 62 Explosions 7319 | . . 238 67 . . 503 . 1158 . . 351 472 1583 225 400 2322 Melee 1357 | . . . . . . . . . . . . . . . . 1357 Ramming 274 | . . . . . 10 17 21 10 . . . 158 . . . 58 Kinetic 12769 | . 411 75 125 . 211 1555 612 1663 220 226 335 1419 403 15 312 5187 Thermal 5560 | 136 420 725 . . . . . 412 144 283 400 983 604 550 841 62 Explosive 6431 | . . 238 67 . . 503 . 1158 . . 351 . 1583 225 400 1906 Electromagnetic 761 | . . . . . . . . . . . . . . . . 761 Impact 232 | . . . . . . . . 17 . . . . . . . 215 Slashing 1142 | . . . . . . . . . . . . . . . . 1142 Piercing . | . . . . . . . . . . . . . . . . . Highest Corruption 29 | . . . . . . . . . . . 2 11 17 . 1 29 Average Corruption 10 | . . . . . . . . . . . 1 7 13 . 1 14 Corruption Purged 2 | . . . . . . . . . . . 2 . . . . . Corruption Blocked . | . . . . . . . . . . . . . . . . . Effects 157 | . . . . . . . . . . . . 36 16 . 8 97 Message Errors 42 | . . . . . . . . . . . . 6 7 . . 29 Matter Fused 37 | . . . . . . . . . . . . 12 5 . 3 17 Heat Flow Errors 14 | . . . . . . . . . . . . 3 . . 1 10 Energy Discharges 7 | . . . . . . . . . . . . 3 . . 1 3 Parts Rejected 4 | . . . . . . . . . . . . 1 . . 1 2 Parts Fused 4 | . . . . . . . . . . . . 1 1 . . 2 Data Loss (minor) 17 | . . . . . . . . . . . . 3 1 . 2 11 Data Loss (major) 7 | . . . . . . . . . . . . 3 . . . 4 Misfires 5 | . . . . . . . . . . . . 2 . . . 3 Alerts 5 | . . . . . . . . . . . . . . . . 5 Misdirections 5 | . . . . . . . . . . . . . . . . 5 Weapon Failures 10 | . . . . . . . . . . . . 2 2 . . 6 Overload Shots 40 | . . . . . . . . . . . . . 12 11 16 1 Effects 3 | . . . . . . . . . . . . . 1 1 1 . Heat Surge 2 | . . . . . . . . . . . . . . 1 1 . Short Circuit 1 | . . . . . . . . . . . . . 1 . . . Overflow Damage 865 | . . 2 . . . 20 . 9 . . . 194 333 14 39 254 Projectiles 282 | . . . . . . . . . . . . 4 252 14 12 . Explosions 519 | . . 2 . . . 20 . 9 . . . 180 81 . 27 200 Melee 64 | . . . . . . . . . . . . 10 . . . 54 Knockbacks 111 | . 4 . . . . 1 11 33 . 8 4 44 3 1 . 2 Impact 5 | . . . . . . 1 . . . . . 2 . . . 2 Kinetic 97 | . 3 . . . . . 11 28 . 8 4 39 3 1 . . Secondary 9 | . 1 . . . . . . 5 . . . 3 . . . . Self-Inflicted Damage 224 | . . . . . . 12 . 39 . . . . 17 28 36 92 Shots 9 | . . . . . . 1 . 1 . . . . 2 1 1 3 Rammed 18 | . . . . . 1 3 1 1 . . . 11 . . . 1 Targets Rammed 27 | . . . . . 2 3 1 1 . . . 13 . . . 7 Kicked 4 | . . . . . . . . . . . . . . . . 4 Crushed 5 | . . . . . 1 . . . . . . 2 . . . 2 Highest Temperature 568 | 117 204 109 . . 27 13 93 327 198 323 198 482 314 238 244 568 Average Temperature 98 | 50 59 34 . . 14 6 37 125 109 133 107 161 80 83 58 105 Received Heat Transfer 2615 | . 228 87 . . 99 324 24 360 42 54 12 135 243 . 72 935 Effects 13 | . . . . . . . . 1 . 1 . 3 1 . . 7 Shutdowns 5 | . . . . . . . . . . . . 3 . . . 2 Energy Bleed 3 | . . . . . . . . 1 . 1 . . 1 . . . Interference 1 | . . . . . . . . . . . . . . . . 1 Damage (minor) 1 | . . . . . . . . . . . . . . . . 1 Damage (major) 2 | . . . . . . . . . . . . . . . . 2 Damage (core) 1 | . . . . . . . . . . . . . . . . 1 Siege Activations . | . . . . . . . . . . . . . . . . . Martial Activations . | . . . . . . . . . . . . . . . . . Shielding Activations . | . . . . . . . . . . . . . . . . . Robots Disrupted 1 | . . . . . . . . . . . . . . . . 1 Combat Hostiles . | . . . . . . . . . . . . . . . . . Robots Corrupted 1 | . . . . . . . . . . . . 1 . . . . Combat Hostiles . | . . . . . . . . . . . . . . . . . Parts Fried . | . . . . . . . . . . . . . . . . . Impact Corruptions 2 | . . . . . . . . . . . . 1 . . . 1 Robots Melted 3 | . 1 . . . . . . . . 1 . . . 1 . . Combat Hostiles 2 | . . . . . . . . . . 1 . . . 1 . . Parts Melted 21 | 1 3 3 . . . . . . . 6 1 2 . 2 3 . Heat Transferred 11474 | 481 1628 1998 . . . . . 804 481 999 962 1621 640 750 1030 80 Parts Sabotaged 3 | . . . . . . . . . . . . . . . . 3 Parts Stolen . | . . . . . . . . . . . . . . . . . Parts Stripped . | . . . . . . . . . . . . . . . . . Power Chain Reactions . | . . . . . . . . . . . . . . . . . Alert | -11 -10 -9 -9 -9 -8 -8 -7 -7 -7 -6 -6 -6 -6 -5 -5 -5 ------- Run | Yrd Mat Mat Min Exi Min Mat Fac Gar Fac Fac Gar Fac Gar Fac Gar Fac Maximum Alert Level 5 | . . . . . . 1 . 4 2 . 1 1 2 1 4 5 Low Security (%) 47 | 100 100 100 100 . 100 96 100 8 . 100 61 78 24 13 2 . Level 1 11 | . . . . . . 3 . 5 26 . 38 21 20 86 5 . Level 2 13 | . . . . . . . . 23 73 . . . 55 . 41 3 Level 3 16 | . . . . . . . . 59 . . . . . . 41 35 Level 4 8 | . . . . . . . . 2 . . . . . . 9 46 Level 5 2 | . . . . . . . . . . . . . . . . 14 High Security . | . . . . . . . . . . . . . . . . . Max Security . | . . . . . . . . . . . . . . . . . Peak Influence 1776 | 5 160 180 69 . 60 214 50 1195 627 154 306 260 659 347 1454 1776 Initial 763 | . . . 42 . . . 30 2 627 154 15 160 126 345 191 763 Average 447 | 1 68 88 43 . 8 105 8 738 455 77 134 130 411 255 718 1215 Influence Increases 8480 | 20 454 371 67 . 75 539 161 1215 86 98 301 524 563 278 1383 2345 Destroy 0b10 Robot/C 4280 | . 280 220 60 . 60 400 60 720 40 40 220 220 360 120 540 940 Destroy 0b10 Robot/NC 350 | 20 20 40 . . 5 25 35 . . 15 . 70 . 15 . 105 Destroy Leader 666 | . 52 58 . . 10 64 32 50 20 22 20 52 50 20 40 176 Allied During Kill 319 | . . . . . . . . . . . . . . . 257 62 Successful Hack 136 | . 36 18 . . . 9 19 . 5 12 . . . 26 7 4 Disable Machine 555 | . 45 . . . . . . . . . . 120 15 45 . 330 Anti-Garrison Action 700 | . . . . . . . . 400 . . 50 . 50 . 200 . Destroy Structure 799 | . 6 20 7 . . 41 . 45 21 9 11 47 73 52 189 278 Partial Spotted 15 | . . . . . . . 15 . . . . . . . . . Lose Combat Pursuer 660 | . 15 15 . . . . . . . . . 15 15 . 150 450 Influence Decreases 6706 | 20 454 263 126 49 75 472 225 23 966 391 17 649 85 664 202 2025 Entered New Map 2177 | . . . 66 49 . . 37 1 568 161 7 146 55 314 82 691 Time Decay 3598 | 20 444 243 60 . 65 472 188 . 398 230 . 474 . 350 . 654 Lost Part 539 | . 10 20 . . 10 . . 20 . . 10 29 30 . . 410 Lost Ally 242 | . . . . . . . . 2 . . . . . . 120 120 Purge Threat 150 | . . . . . . . . . . . . . . . . 150 Squads Dispatched 29 | . 1 1 . . . 2 1 . 2 1 . 4 . 1 . 16 Investigation . | . . . . . . . . . . . . . . . . . Extermination 11 | . . . . . . . 1 . 1 1 . 2 . 1 . 5 Reinforcement 12 | . 1 1 . . . 2 . . 1 . . 2 . . . 5 Assault 6 | . . . . . . . . . . . . . . . . 6 Garrison . | . . . . . . . . . . . . . . . . . Intercept . | . . . . . . . . . . . . . . . . . Searches Triggered . | . . . . . . . . . . . . . . . . . Construction Impeded 4 | . . . . . . 1 . . . . . 1 . . . 2 Haulers Reinforced 1 | . . . . . . . . . . . . 1 . . . . Active Scanning Responses . | . . . . . . . . . . . . . . . . . Cargo Convoy Interrupts . | . . . . . . . . . . . . . . . . . Stealth | -11 -10 -9 -9 -9 -8 -8 -7 -7 -7 -6 -6 -6 -6 -5 -5 -5 --------- Run | Yrd Mat Mat Min Exi Min Mat Fac Gar Fac Fac Gar Fac Gar Fac Gar Fac Distress Signals 11 | . 2 1 . . . 2 2 . . . . 1 . . . 3 Communications Jammed . | . . . . . . . . . . . . . . . . . Distress Signals . | . . . . . . . . . . . . . . . . . Times Spotted 307 | . 17 17 4 . 3 29 5 36 2 4 10 20 15 10 26 109 Peak Tracking Total 11 | . 3 5 4 . 3 8 2 5 1 2 3 4 8 5 6 11 Tactical Retreats 20 | . 1 1 . . . . . . . . . 1 1 . 3 13 Traps | -11 -10 -9 -9 -9 -8 -8 -7 -7 -7 -6 -6 -6 -6 -5 -5 -5 ------- Run | Yrd Mat Mat Min Exi Min Mat Fac Gar Fac Fac Gar Fac Gar Fac Gar Fac Traps Triggered 15 | . 2 . . . . . . 3 . . . 6 . . 1 3 Indirectly . | . . . . . . . . . . . . . . . . . Trap Hack Attempts . | . . . . . . . . . . . . . . . . . Triggered . | . . . . . . . . . . . . . . . . . Disarmed . | . . . . . . . . . . . . . . . . . Reprogrammed . | . . . . . . . . . . . . . . . . . Reused . | . . . . . . . . . . . . . . . . . Traps Extracted . | . . . . . . . . . . . . . . . . . Installed . | . . . . . . . . . . . . . . . . . Triggered . | . . . . . . . . . . . . . . . . . Machines | -11 -10 -9 -9 -9 -8 -8 -7 -7 -7 -6 -6 -6 -6 -5 -5 -5 ---------- Run | Yrd Mat Mat Min Exi Min Mat Fac Gar Fac Fac Gar Fac Gar Fac Gar Fac Machines Disabled 41 | . 3 . . . . . . . . . 1 8 1 3 3 22 Max in Single Turn 8 | . 1 . . . . . . . . . 1 8 1 1 1 4 Garrison Relay 4 | . . . . . . . . . . . 1 . . . 3 . Machines Repaired . | . . . . . . . . . . . . . . . . . Machines Dismantled . | . . . . . . . . . . . . . . . . . Machines Sabotaged . | . . . . . . . . . . . . . . . . . Overloaded Fab Kills . | . . . . . . . . . . . . . . . . . Hacking | -11 -10 -9 -9 -9 -8 -8 -7 -7 -7 -6 -6 -6 -6 -5 -5 -5 --------- Run | Yrd Mat Mat Min Exi Min Mat Fac Gar Fac Fac Gar Fac Gar Fac Gar Fac Machines Accessed 47 | . 7 4 . 1 . 6 3 4 5 3 . 1 1 5 4 3 Terminals 32 | . 6 3 . . . 5 2 4 4 . . . 1 1 4 2 Fabricators 2 | . . . . . . . . . . 1 . . . 1 . . Repair Stations 3 | . 1 . . . . 1 . . . . . . . 1 . . Recycling Units 1 | . . . . . . . . . . . . . . . . 1 Scanalyzers 4 | . . 1 . . . . . . 1 1 . . . 1 . . Garrison Access 4 | . . . . . . . 1 . . 1 . 1 . 1 . . Total Hacks 137 | . 24 23 . 1 . 15 7 10 13 7 . 1 2 16 8 10 Successful 72 | . 16 18 . 1 . 7 4 . 7 3 . 1 . 9 2 4 Failed 65 | . 8 5 . . . 8 3 10 6 4 . . 2 7 6 6 Catastrophic 14 | . 1 1 . . . . . 3 2 1 . . . 2 3 1 Database Lockouts . | . . . . . . . . . . . . . . . . . Manual 48 | . 15 10 . 1 . 13 2 . 4 . . . . 1 . 2 Terminals 91 | . 21 12 . . . 13 6 10 8 . . . 2 4 8 7 Fabricators 4 | . . . . . . . . . . 2 . . . 2 . . Repair Stations 10 | . 3 . . . . 2 . . . . . . . 5 . . Recycling Units 3 | . . . . . . . . . . . . . . . . 3 Scanalyzers 23 | . . 11 . . . . . . 5 3 . . . 4 . . Garrison Access 5 | . . . . . . . 1 . . 2 . 1 . 1 . . Terminal Hacks 17 | . 6 2 . 1 . . 2 . 1 . . . . 1 2 2 Part Schematic 1 | . . 1 . . . . . . . . . . . . . . Robot Analysis 2 | . 2 . . . . . . . . . . . . . . . Prototype ID Bank 1 | . 1 . . . . . . . . . . . . . . . Open Door 1 | . . . . . . . . . . . . . . . 1 . Branch Access Points 1 | . . . . . . . 1 . . . . . . . . . Terminal Index 2 | . 1 . . . . . . . . . . . . . . 1 Unreport Threat 1 | . . . . . . . . . . . . . . . . 1 Locate Traps 5 | . 2 1 . . . . 1 . . . . . . 1 . . Zone Layout 1 | . . . . . . . . . 1 . . . . . . . Garrison Registry 1 | . . . . . . . . . . . . . . . 1 . Proto ID Catalog 1 | . . . . 1 . . . . . . . . . . . . Fabricator Hacks 1 | . . . . . . . . . . 1 . . . . . . Network Status 1 | . . . . . . . . . . 1 . . . . . . Repair Station Hacks 7 | . 2 . . . . 2 . . . . . . . 3 . . Scan Component 4 | . 1 . . . . 1 . . . . . . . 2 . . Repair 3 | . 1 . . . . 1 . . . . . . . 1 . . Recycling Unit Hacks 1 | . . . . . . . . . . . . . . . . 1 Report Inventory 1 | . . . . . . . . . . . . . . . . 1 Scanalyzer 20 | . . 11 . . . . . . 4 1 . . . 4 . . Insert Component 10 | . . 5 . . . . . . 2 1 . . . 2 . . Analyze 10 | . . 6 . . . . . . 2 . . . . 2 . . Garrison Access Hacks 4 | . . . . . . . 1 . . 1 . 1 . 1 . . Unlock Access 4 | . . . . . . . 1 . . 1 . 1 . 1 . . Unauthorized Hacks 22 | . 8 5 . . . 5 1 . 2 . . . . . . 1 Terminals 22 | . 8 5 . . . 5 1 . 2 . . . . . . 1 Assimilate 1 | . . . . . . 1 . . . . . . . . . . Botnet 7 | . 2 2 . . . 1 1 . 1 . . . . . . . Skim 14 | . 6 3 . . . 3 . . 1 . . . . . . 1 Fabricators . | . . . . . . . . . . . . . . . . . Repair Stations . | . . . . . . . . . . . . . . . . . Recycling Units . | . . . . . . . . . . . . . . . . . Scanalyzers . | . . . . . . . . . . . . . . . . . Garrison Access . | . . . . . . . . . . . . . . . . . Data Cores Recovered . | . . . . . . . . . . . . . . . . . Used . | . . . . . . . . . . . . . . . . . Hacking Detections 43 | . 7 4 . . . 5 3 4 5 2 . 1 1 5 3 3 Full Trace Events 6 | . . . . . . . . 4 . . . . 1 . 1 . Feedback Events . | . . . . . . . . . . . . . . . . . Feedback Blocked . | . . . . . . . . . . . . . . . . . Robot Schematics Acquired . | . . . . . . . . . . . . . . . . . Robots Built . | . . . . . . . . . . . . . . . . . Authchips . | . . . . . . . . . . . . . . . . . Time . | . . . . . . . . . . . . . . . . . Total Robot Build Rating . | . . . . . . . . . . . . . . . . . Part Schematics Acquired 9 | . . 6 . . . . . . 2 . . . . 1 . . Parts Built . | . . . . . . . . . . . . . . . . . Authchips . | . . . . . . . . . . . . . . . . . Time . | . . . . . . . . . . . . . . . . . Total Part Build Rating . | . . . . . . . . . . . . . . . . . Parts Repaired 3 | . 1 . . . . 1 . . . . . . . 1 . . Time 93 | . 26 . . . . 32 . . . . . . . 35 . . Parts Recycled . | . . . . . . . . . . . . . . . . . Recycled Matter . | . . . . . . . . . . . . . . . . . Retrieved Matter . | . . . . . . . . . . . . . . . . . Retrieved Components . | . . . . . . . . . . . . . . . . . Parts Scanalyzed 10 | . . 5 . . . . . . 2 1 . . . 2 . . Part Schematics Acquired 8 | . . 5 . . . . . . 2 . . . . 1 . . Parts Damaged . | . . . . . . . . . . . . . . . . . Bothacking | -11 -10 -9 -9 -9 -8 -8 -7 -7 -7 -6 -6 -6 -6 -5 -5 -5 ------------ Run | Yrd Mat Mat Min Exi Min Mat Fac Gar Fac Fac Gar Fac Gar Fac Gar Fac Used RIF Installer 2 | . . . . . . . . . . . 1 . . . 1 . Patrol Navigation 1 | . . . . . . . . . . . . . . . 1 . Robots Hacked 16 | . . . . . . . . . . . . . . 1 11 4 Non-combat . | . . . . . . . . . . . . . . . . . Combat 16 | . . . . . . . . . . . . . . 1 11 4 Robot Hacks Applied 18 | . . . . . . . . . . . . . . 3 11 4 focus_fire 1 | . . . . . . . . . . . . . . . 1 . spike_heat 1 | . . . . . . . . . . . . . . 1 . . overload_power 2 | . . . . . . . . . . . . . . 1 1 . disable_weapons 2 | . . . . . . . . . . . . . . 1 1 . reboot_system 1 | . . . . . . . . . . . . . . . 1 . overwrite_iff 2 | . . . . . . . . . . . . . . . 1 1 streamctrl_high 2 | . . . . . . . . . . . . . . . . 2 formatsys_high 7 | . . . . . . . . . . . . . . . 6 1 Relay Couplers Released 22 | . . . . . . . . . . . 3 . 4 . 15 . Machine Destruction 18 | . . . . . . . . . . . 3 . . . 15 . Programmers 4 | . . . . . . . . . . . . . 4 . . . Attached 8 | . . . . . . . . . . . . . . 1 5 2 Fabnet Peak Effective % . | . . . . . . . . . . . . . . . . . Robots Rewired 9 | . . . . . . . . . . . . . . . 9 . Allies Hacked 2 | . . . . . . . . . . . . . . . 2 . Hacks Repelled . | . . . . . . . . . . . . . . . . . Allies | -11 -10 -9 -9 -9 -8 -8 -7 -7 -7 -6 -6 -6 -6 -5 -5 -5 -------- Run | Yrd Mat Mat Min Exi Min Mat Fac Gar Fac Fac Gar Fac Gar Fac Gar Fac Total Allies 21 | . . . . . . . . . . . . . . . 17 4 Largest Group 10 | . . . . . . . . . . . . . . . 10 7 Highest-Rated Group 330 | . . . . . . . . . . . . . . . 330 256 Highest-Rated Ally 49 | . . . . . . . . . . . . . . . 49 49 Initial Warlord ECA Mod 4 | . . . . . . . . . 2 1 1 . . . . . Total Orders 9 | . . . . 2 2 2 1 2 . . . . . . . . EXPLORE 5 | . . . . 1 1 1 1 1 . . . . . . . . RETURN 4 | . . . . 1 1 1 . 1 . . . . . . . . Ally Attacks 119 | . . . . . . . . . . . . . . . 80 39 Total Damage 3352 | . . . . . . . . . . . . . . . 2498 854 Kills 26 | . . . . . . . . . . . . . . . 20 6 Allies Corrupted 2 | . . . . . . . . . . . . . . . 2 . Allies Melted 1 | . . . . . . . . . . . . . . . 1 . Intel | -11 -10 -9 -9 -9 -8 -8 -7 -7 -7 -6 -6 -6 -6 -5 -5 -5 ------- Run | Yrd Mat Mat Min Exi Min Mat Fac Gar Fac Fac Gar Fac Gar Fac Gar Fac Active Infowar (turns) 8792 | 21 1185 497 . . 412 1357 792 167 746 489 595 1010 . 797 . 724 Terrain 3980 | . . 337 . . 412 459 . 1 26 284 . 940 . 797 . 724 Traps 4307 | . . . . . . 898 792 166 720 489 595 647 . . . . Seismic 1547 | 21 1185 341 . . . . . . . . . . . . . . Robot Analysis Total 2 | . 2 . . . . . . . . . . . . . . . Derelict Logs Recovered 1 | . . . 1 . . . . . . . . . . . . . Drone Launches 5 | . . . . 1 1 1 1 1 . . . . . . . . Drone Recoveries 4 | . . . . 1 1 1 1 . . . . . . . . . Exploration | -11 -10 -9 -9 -9 -8 -8 -7 -7 -7 -6 -6 -6 -6 -5 -5 -5 ------------- Run | Yrd Mat Mat Min Exi Min Mat Fac Gar Fac Fac Gar Fac Gar Fac Gar Fac Turns Passed 14873 | 134 1188 618 123 401 452 1357 792 1840 946 489 595 1205 383 797 1124 2429 Spaces Moved 7005 | 56 362 271 59 225 246 541 400 899 467 235 263 582 183 377 529 1310 Core 147 | 4 . . . . . . . . . . . . . . . 143 Treads 5940 | 52 362 215 59 225 246 541 400 899 467 235 263 582 183 377 529 305 Legs 842 | . . . . . . . . . . . . . . . . 842 Wheels 76 | . . 56 . . . . . . . . . . . . . 20 Hover . | . . . . . . . . . . . . . . . . . Flight . | . . . . . . . . . . . . . . . . . Fastest Speed 50 | 50 160 110 170 170 170 170 161 161 161 165 165 160 160 160 160 50 Average Speed 156 | 154 160 154 170 170 171 170 162 161 163 165 165 164 163 161 160 124 Slowest Speed 250 | 160 240 170 170 170 250 170 250 161 165 165 165 243 240 240 160 240 Overloaded Moves . | . . . . . . . . . . . . . . . . . Propulsion Burnouts . | . . . . . . . . . . . . . . . . . Robots Hopped . | . . . . . . . . . . . . . . . . . Potential Cave-ins 2 | . . . . . . . . . . . . . . 2 . . Cave-ins Triggered . | . . . . . . . . . . . . . . . . . Exploration Rate (%) 36 | 4 57 31 18 90 73 48 18 68 15 8 34 20 41 11 58 33 Regions Visited 16 Branch Regions 3 Pre-discovered Areas . | . . . . . . . . . . . . . . . . . Known Exits Taken 5 | . . . . . 1 . 1 . . 1 . 1 . 1 . . Unknown Exits Taken 7 | 1 1 1 1 1 . 1 . . 1 . . . . . . . Scrap Searched 1 | . . . . . 1 . . . . . . . . . . . Spaces Dug 35 | . 4 . . . . 1 . . 1 2 . 1 16 6 . 4 Terrain Destroyed 551 | . 4 19 7 . . 45 . 48 23 8 6 46 71 32 82 160 Melee 10 | . . . . . . . . . 1 2 . 1 . 2 . 4 Projectile 95 | . 4 . . . . 1 . . . . . . 4 12 4 70 AOE 446 | . . 19 7 . . 44 . 48 22 6 6 45 67 18 78 86 Terrain Rammed . | . . . . . . . . . . . . . . . . . Walls Destroyed . | . . . . . . . . . . . . . . . . . Machines Disabled . | . . . . . . . . . . . . . . . . . Actions | -11 -10 -9 -9 -9 -8 -8 -7 -7 -7 -6 -6 -6 -6 -5 -5 -5 --------- Run | Yrd Mat Mat Min Exi Min Mat Fac Gar Fac Fac Gar Fac Gar Fac Gar Fac Total 9737 | 82 860 392 70 244 261 861 501 1181 630 301 364 725 232 525 740 1768 Wait 1491 | 7 414 19 4 13 3 225 62 199 120 24 49 43 5 73 93 138 Move 6986 | 55 361 270 58 224 245 540 400 894 466 235 261 582 181 377 527 1310 Hop . | . . . . . . . . . . . . . . . . . Pick Up 128 | 4 9 14 . 1 . 10 7 4 7 4 5 8 5 10 9 31 Fast Attach 91 | 7 5 7 . . . 3 2 4 4 3 2 7 . 7 7 33 Attach 83 | . 3 6 . . 2 3 3 5 1 3 3 7 5 3 6 33 Detach 19 | . . 3 . 1 . . . 1 1 1 . . 2 2 2 6 Swap 136 | . 13 16 2 3 3 16 4 9 13 11 6 8 5 6 11 10 Drop 127 | . 4 16 . 2 . 6 6 6 9 5 7 14 3 10 14 25 Fire 568 | 9 51 41 6 . 6 55 16 58 8 13 26 42 26 34 61 116 Melee 81 | . . . . . . . . . 1 2 5 1 . 3 10 59 Ram . | . . . . . . . . . . . . . . . . . Kick 4 | . . . . . . . . . . . . . . . . 4 Crush 23 | . . . . . 2 3 1 1 . . . 13 . . . 3 Escape Stasis . | . . . . . . . . . . . . . . . . . Rewire . | . . . . . . . . . . . . . . . . . Trap . | . . . . . . . . . . . . . . . . . Miscellaneous . | . . . . . . . . . . . . . . . . . Route ------- -11/Scrapyard -10/Materials (discovered 5 exits: *Mat x2 / Min x2 / Sub) -9/Materials (discovered 4 exits: *Mat x3 / [*Min]) -9/Mines (discovered 2 exits: Mat / *Exi) -9/Exiles (discovered 2 exits: [*Min x2]) -8/Mines -8/Materials (discovered 2 exits: *Fac x2) -7/Factory (discovered 5 exits: Sto x2 / Low x2 / Gar) -7/Garrison (discovered 3 exits: *Fac x3) -7/Factory -6/Factory -6/Garrison -6/Factory (discovered 2 exits: *Fac / Gar) -6/Garrison -5/Factory -5/Garrison (discovered 3 exits: *Fac x3) -5/Factory History --------- Turn | Location | Event 14 | -11/Scrapyard | Discovered new exit (range 15) 135 | -11/Scrapyard | Entered Materials 317 | -10/Materials | Build established: Mutant 500 | -10/Materials | Repaired Lgt. Treads 702 | -10/Materials | Discovered new exit (range 15) 835 | -10/Materials | Discovered new exit (range 13) 931 | -10/Materials | Identified exit to Subcaves 935 | -10/Materials | Derelicts attacked the area 1007 | -10/Materials | Identified exit to Mines 1303 | -10/Materials | Learned location of 1 exit from Recycling 1323 | -10/Materials | Entered another Materials area 1323 | -9/Materials | Evolved 2 slots: Propulsion x1, Utility x1 1324 | -9/Materials | Identified exit to Materials 1932 | -9/Materials | Discovered new exit (range 6) 1941 | -9/Materials | Entered Mines 1957 | -9/Mines | Learned Materials security intel 2016 | -9/Mines | Met a Derelict bent on vengeance 2056 | -9/Mines | Deemed a non-threat by the Exiles lab entrance 2057 | -9/Mines | Discovered new exit (range 5) 2064 | -9/Mines | Entered Exiles 2104 | -9/Exiles | Met 8R-AWN 2131 | -9/Exiles | Met EX-HEX 2190 | -9/Exiles | Met EX-BIN 2209 | -9/Exiles | Aligned with FarCom system 2211 | -9/Exiles | Given EX-Vault access code 2251 | -9/Exiles | Opened EX-Vault 2264 | -9/Exiles | Found Supersonic Drone Bay 2299 | -9/Exiles | Warned to stay clear of 0b10 Research branches 2328 | -9/Exiles | Discovered new exit (range 59) 2335 | -9/Exiles | Discovered new exit (range 58) 2362 | -9/Exiles | Met EX-DEC 2465 | -9/Exiles | Left Exiles lab with Supersonic Drone Bay 2465 | -9/Exiles | Entered Mines 2804 | -8/Mines | Build established: Skirmisher 2866 | -8/Mines | Discovered exit to Materials (range 34) 2917 | -8/Mines | Entered Materials 2917 | -8/Materials | Evolved 2 slots: Propulsion x1, Utility x1 3221 | -8/Materials | Discovered new exit (range 7) 3641 | -8/Materials | Build established: Mutant 3977 | -8/Materials | Repaired Med. Armor Plating 4194 | -8/Materials | Discovered new exit (range 3) 4274 | -8/Materials | Entered Factory 4274 | -7/Factory | Evolved 2 slots: Weapon x2 4275 | -7/Factory | Identified exit to Storage 4408 | -7/Factory | Identified exit to Lower Caves 4584 | -7/Factory | Build established: Skirmisher 5066 | -7/Factory | Identified exit to Garrison 5066 | -7/Factory | Entered Garrison 5076 | -7/Garrison | Discovered new exit (range 55) 5184 | -7/Garrison | Triggered checkpoint 5202 | -7/Garrison | Triggered checkpoint 5732 | -7/Garrison | Destroyed 7 combat bots 5878 | -7/Garrison | Discovered new exit (range 12) 5926 | -7/Garrison | Triggered checkpoint 6112 | -7/Garrison | Discovered new exit (range 14) 6132 | -7/Garrison | Triggered checkpoint 6161 | -7/Garrison | Build established: Scavenger-Skirmisher 6228 | -7/Garrison | Triggered checkpoint 6289 | -7/Garrison | Attempted to access garrison exit controls, blocked by remote lockdown 6706 | -7/Garrison | Attempted to access garrison exit controls, blocked by remote lockdown 6906 | -7/Garrison | Entered Factory 7223 | -7/Factory | Build established: Skirmisher 7804 | -7/Factory | Discovered new exit (range 15) 7852 | -7/Factory | Entered another Factory area 7852 | -6/Factory | Evolved 2 slots: Utility x2 8341 | -6/Factory | Identified exit to Garrison 8341 | -6/Factory | Entered Garrison 8401 | -6/Garrison | Build established: Scavenger-Tank 8459 | -6/Garrison | Triggered checkpoint 8498 | -6/Garrison | Installed Relay Interface Framework 8578 | -6/Garrison | Garrison Relay disabled 8694 | -6/Garrison | Triggered checkpoint 8708 | -6/Garrison | Build established: Tank 8770 | -6/Garrison | Triggered checkpoint 8917 | -6/Garrison | Discovered new exit (range 12) 8936 | -6/Garrison | Entered Factory 9023 | -6/Factory | Discovered new exit (range 4) 9543 | -6/Factory | Build established: Skirmisher 9919 | -6/Factory | System corruption reached 10% 10141 | -6/Factory | Identified exit to Garrison 10141 | -6/Factory | Entered Garrison 10197 | -6/Garrison | Triggered checkpoint 10309 | -6/Garrison | Triggered checkpoint 10315 | -6/Garrison | Spotted B-75 Beast 10329 | -6/Garrison | Destroyed B-75 Beast 10377 | -6/Garrison | Lost 3 parts (1n1u1w) 10383 | -6/Garrison | Destroyed 16 combat bots 10500 | -6/Garrison | Discovered new exit (range 15) 10524 | -6/Garrison | Entered Factory 10524 | -5/Factory | Evolved 2 slots: Propulsion x1, Utility x1 10589 | -5/Factory | Repaired Broken Imp. Medium Treads 11182 | -5/Factory | Build established: Bothacker-Assassin 11202 | -5/Factory | Spotted B-75 Beast 11251 | -5/Factory | Destroyed B-75 Beast 11321 | -5/Factory | Identified exit to Garrison 11321 | -5/Factory | Entered Garrison 11395 | -5/Garrison | Triggered checkpoint 11423 | -5/Garrison | Garrison Relay disabled 11480 | -5/Garrison | Discovered new exit (range 44) 11480 | -5/Garrison | Discovered new exit (range 64) 11480 | -5/Garrison | Discovered new exit (range 58) 11556 | -5/Garrison | Lost 3 allies 11601 | -5/Garrison | Triggered checkpoint 11763 | -5/Garrison | Triggered checkpoint 11779 | -5/Garrison | Garrison Relay disabled 11824 | -5/Garrison | Build established: Bothacker-Tank 11881 | -5/Garrison | Rescued a captive Derelict 11941 | -5/Garrison | Triggered checkpoint 12028 | -5/Garrison | Expanded RIF knowledge: Patrol Navigation 12324 | -5/Garrison | Garrison Relay disabled 12351 | -5/Garrison | Triggered checkpoint 12357 | -5/Garrison | Triggered checkpoint 12429 | -5/Garrison | Triggered checkpoint 12445 | -5/Garrison | Entered Factory 12445 | -5/Factory | Accompanied by 7 allies 12745 | -5/Factory | First assault squad dispatched 12762 | -5/Factory | Murdered 3 allies 12812 | -5/Factory | Build established: Bothacker-Assassin 12879 | -5/Factory | Lost 3 allies 12892 | -5/Factory | Lost 3 parts (1n1u1w) 12914 | -5/Factory | Destroyed 9 combat bots 13184 | -5/Factory | System corruption reached 10% 13228 | -5/Factory | Lost 8 parts (4n4u) 13651 | -5/Factory | Lost 3 parts (2u1w) 13691 | -5/Factory | Core integrity fell below 50% 13847 | -5/Factory | Found Imp. Powered Armor 13850 | -5/Factory | Found Imp. Powered Armor 13918 | -5/Factory | Build established: Scavenger-Tank 14375 | -5/Factory | Build established: Scavenger-Mutant 14422 | -5/Factory | Lost 6 parts (2n3u1w) 14509 | -5/Factory | Lost 3 parts (1n2u) 14796 | -5/Factory | Core integrity fell below 20% 14800 | -5/Factory | Released all parts (8) 14827 | -5/Factory | Lost 3 parts (1p1n1w) 14874 | -5/Factory | Destroyed by G-50 Soldier with Heavy Laser Last Messages --------------- 7K, assault force dispatched. 14851_ Acquired 25 matter. 14861_ W-25 Informer sends out distress signal. 14864_ Triggered Shock Trap. 14864_ The floor emits a surge of raw power. 14864_ System corrupted (+2). 14867_ Triggered Shock Trap. 14867_ The floor emits a surge of raw power. 14867_ System corrupted (+1). 14868_ Triggered Shock Trap. 14868_ The floor emits a surge of raw power. 14868_ System corrupted (+2). 14871_ System corrupted: Matter fused (-8). 14874_ C-30 ARC bursts open, deploying its payload. 14874_ G-50 Soldier unfolds itself. 14874_ B-60 Warrior unfolds itself. 14874_ G-50 Soldier unfolds itself. 14874_ E-15 Imp unfolds itself. 14874_ Critical hit (Burn: +37). Map ----- +----------------------------------------------------+ | | | | | | | | | | | | | | | | | | | | | | | ???????????????##???????????????????######???????? | | ???????????????# ???? ????????????# ???????? | | ???????????????# ?""" ""???""????# """??????? | | ?????????????### """" """" """???# """""????? | | ?????????#? = =# """" """" """"??# """""????? | | ?????????# # """" """" """"??# """""???#? | | ?????????# """ # """" """" """???# ?? #? | | ?????????# """ # """" """" "?????# """""" ## | | ?????????# """ #?? ???????# """""" ## | | ?????????# #??##+####+########## """""" ## | | ?????????# """ #### / """""" ## | | ?????????# """ +% ######### ## | | ?????????# " ## #???????# ## | | ?????????# "F" ## !! ##???????#######+####### | | ?????????# """ ## !! @#????????????# | | ?????????# ## ######???????# ### | | ####+#########+## """ #???????# #?? | | b """ ######### #?? | | g%g """ ^ ### | | e # | | ####+##### # " | | ?????????# "" # T | | ?????????# ###############k """ """ """ """ # " | | ?????????# #?????????????# """ """ """ F" # | | ?????????# #?????????????+ """ """ """ """ # | | ?????????# #?????????????# """ """ "" + | | ?????????# #??###????????# # | | ?????????# #? #????????# Y w # | | ?????????# #? #????????#########/### # | | ??????#+## # #????????????????? ?# # | | ??????# # #????????????????? [?## ## | | ??????# " #????????????????? ??# #### | | ??????# # #????????????????? ?# ???? | | ??????# # #????????????????? !!?# ???? | | ??????# #? #????????????????? !??# ???? | | ??????#!####? #????????????????? ???# ???? | | ??????#=#?????###?????????????????????# ???? | | ??????#=#?????????????????????????????# ???? | | ??????# #??????????????????????????????? ? ???? | +----------------------------------------------------+ Best States ------------- Heat Dissipation 59 Coolant Potential 65 Energy Generation 21 Energy Capacity 510 Matter Stores 300 Matter Capacity 300 Sight Range 16 Terrain Scan Range 20 Terrain Scan Density 110 Power Amplification 20 Armor Coverage 1025 Core Shielding 30 Evasion (%) 70 Targeting Accuracy 8 Melee Accuracy 6 Target Analysis 5 Core Analysis 6 Recoil Reduction 5 Kinecelleration 30 Defensive Hacking 12 Relay Coupler Types 2 Relay Coupler Value 31 Item Schematics ----------------- Targeting Computer | -9/Materials | Scanalyzed Grenade Launcher | -9/Materials | Scanalyzed Lgt. Ion Engine | -9/Materials | Scanalyzed Wheel | -9/Materials | Scanalyzed Mining Laser | -9/Materials | Scanalyzed Lrg. Storage Unit | -9/Materials | Hacked System Restoration Module | -7/Factory | Scanalyzed Med. Treads | -7/Factory | Scanalyzed Remote Datajack | -5/Factory | Scanalyzed Robot Schematics ------------------ None Fabricated ------------ Nothing Repaired ---------- Lgt. Treads | 40% | -10/Materials Med. Armor Plating | 12% | -8/Materials Imp. Medium Treads | 15% | -5/Factory | Broken Alien Tech Used ----------------- None Achievements -------------- None Challenges ------------ None Game ------ Seed BackupBladeReactor Manual? 0 Play Time 02:35:17 Cumulative 187.0 hours Start 2025.08.13 @ 20:45:05 End 2025.08.13 @ 23:39:34 Sessions 3 Manual Loads 0 Difficulty Rogue Special Mode None Game No. 164 Rogue 125 Adventurer 32 Explorer 7 Win Type - Total 2 Types 2/0/0/0/0/0/0/0/0/0 Lore% 46 Gallery% 63 Achievement% 54 Wizard Run 0 Options --------- Layout 1 ASCII 0 Keyboard 0 Movement Numpad Keybinds 0 Fullscreen 1 Font 24/Smallcaps Map View 50x35 Zoom Use 0% Tactical HUD 1 Map Filters NONE Filters NONE Steam 1 RUN: f3ab8d15-8ef9-4a9b-b9b6-cd8f920e150d